 Dungeon Crawl Stone Soup version 0.29.0-5-ge4962eb29e (webtiles) character file.

Game seed: 5330739079201825872

694 themarg the Grappler (level 7, -14/58 (60) HPs)
             Began as a Gnoll Wanderer on Aug 29, 2022.
             Was a Believer of Uskayaw.
             Demolished by Dowan
             ... wielding a +4 dagger of distortion
              (21 damage)
             ... on level 4 of the Dungeon.
             The game lasted 00:13:07 (4891 turns).

themarg the Grappler (Gnoll Wanderer)               Turns: 4891, Time: 00:13:07

HP:   -14/58 (60)   AC:  4    Str: 16    XL:     7   Next: 64%
MP:   10/11         EV: 13    Int:  8    God:    Uskayaw [**....]
Gold: 240           SH:  0    Dex: 14    Spells: 11/11 levels left

rFire   . . .      SeeInvis .   s - +9 dagger of Poeblom {holy, Will+ Dex+2}
rCold   . . .      Faith    .   (no shield)
rNeg    . . .      Spirit   .   e - +0 leather armour
rPois   .          Reflect  .   (no helmet)
rElec   .          Harm     .   (no cloak)
rCorr   .          Rampage  .   g - +0 pair of gloves
Will    +....                   (no boots)
Stlth   ++........              (no amulet)
HPRegen 0.19/turn               (no ring)
MPRegen 0.12/turn               (no ring)

@: lightly drained
A: fangs 1, strong nose, distributed training
a: Renounce Religion, Stomp, Line Pass


You were on level 4 of the Dungeon.
You worshipped Uskayaw.
Uskayaw was noncommittal.
You visited 1 branch of the dungeon, and saw 4 of its levels.

You collected 240 gold pieces.

Inventory:

Hand Weapons
 a - a +1 mace
 q - a +1 vorpal scythe
 r - a +0 sling
 s - the +9 dagger of Poeblom (weapon) {holy, Will+ Dex+2}
   (You found it on level 3 of the Dungeon)

   It has been blessed by the Shining One to cause great damage to the undead
   and demons.
   Dex:       It affects your dexterity (+2).
   Will:      It increases your willpower.
Missiles
 y - 4 boomerangs
Armour
 e - a +0 leather armour (worn)
 g - a +0 pair of gloves (worn)
 p - a +2 robe of the Archmagi
Jewellery
 d - a ring of ice
 m - a ring of see invisible
Wands
 t - a wand of iceblast (9) (quivered)
Scrolls
 b - a scroll of summoning
 c - a scroll of blinking
 i - 2 scrolls of poison {unknown}
 j - 5 scrolls of identify {unknown}
 k - a scroll of noise {unknown}
 o - a scroll of fog {unknown}
 u - a scroll of acquirement {unknown}
 x - a scroll of magic mapping {unknown}
Potions
 f - 3 potions of curing
 h - a potion of heal wounds {unknown}
 l - a potion of haste
 n - a potion of berserk rage {unknown}
 v - a potion of degeneration {unknown}
 w - a potion of attraction {unknown}
 z - a potion of might {unknown}


   Skills:
 + Level 7.1 Fighting
 + Level 2.7 Short Blades
 + Level 2.7 Long Blades
 + Level 2.7 Axes
 + Level 3.8 Maces & Flails
 + Level 2.7 Polearms
 + Level 2.7 Staves
 + Level 2.7 Ranged Weapons
 + Level 2.7 Throwing
 + Level 2.7 Armour
 + Level 3.8 Dodging
 + Level 2.7 Stealth
 + Level 2.7 Shields
 + Level 9.0 Unarmed Combat
 + Level 2.7 Spellcasting
 + Level 2.2 Conjurations
 + Level 2.2 Hexes
 + Level 2.2 Summonings
 + Level 2.2 Necromancy
 + Level 2.2 Translocations
 + Level 2.2 Transmutations
 + Level 2.2 Fire Magic
 + Level 2.2 Ice Magic
 + Level 2.2 Air Magic
 + Level 2.2 Earth Magic
 + Level 2.2 Poison Magic
 + Level 3.0 Invocations
 + Level 3.8 Evocations


You had 11 spell levels left.
You didn't know any spells.
Your spell library contained the following spells:

 Spells                   Type           Power      Damage    Failure   Level
 Magic Dart               Conj           16%        1d3       16%         1
 Slow                     Hex            16%        N/A       16%         1
 Call Imp                 Summ           4%         N/A       24%         2
 Confusing Touch          Hex            4%         N/A       43%         3
 Mephitic Cloud           Conj/Pois/Air  4%         N/A       43%         3
 Ozocubu's Armour         Ice            4%         N/A       43%         3
 Stone Arrow              Conj/Erth      8%         3d7       43%         3
 Vampiric Draining        Necr           4%         2d6       43%         3
 Animate Armour           Summ/Erth      8%         N/A       85%         4
 Ozocubu's Refrigeration  Ice            2%         4d7       100%        7
 Lehudib's Crystal Spear  Conj/Erth      2%         10d2      100%        8


Dungeon Overview and Level Annotations

Branches:
Dungeon (4/15)
 Temple: D:4-7

Altars:
Ashenzari
Fedhas
Uskayaw
Wu Jian

Shops:
D:4 [

Annotations:
D:4 Dowan


Innate Abilities, Weirdness & Mutations

You have very sharp teeth.
Your uncanny sense of smell can sniff out nearby items.
Your experience applies equally to all skills.


Message History

You hit Duvessa.
Duvessa is heavily wounded.
Duvessa says, "My weaknesses are his strengths!"
Duvessa completely misses you.
You can now pass through a line of other dancers.
You hit Duvessa. Your bite misses Duvessa.
Duvessa is severely wounded.
Duvessa hits you with a +2 short sword of draining!
You feel drained.
You hit Duvessa. Your bite misses Duvessa.
Duvessa is almost dead.
Duvessa hits you with a +2 short sword of draining!
You feel drained.
You hit Duvessa but do no damage. You bite Duvessa, but do no damage.
Duvessa is almost dead.
You hit Duvessa.
Duvessa is almost dead.
Duvessa hits you with a +2 short sword of draining!
You feel drained.
You hit Duvessa.
You kill Duvessa!
Dowan screams, "No!
Oh no!"
Dowan seems to find hidden reserves of power!
Dowan hits you with a +4 dagger of distortion.
Space warps around you.
* * * LOW HITPOINT WARNING * * *
Your Unarmed Combat skill increases to level 9!
Your Invocations skill increases to level 3!
Throw: 4 boomerangs
Press: ? - help, Q - select action, (/) - cycle Shift-Dir - straight line, f - Dowan
Aim: Dowan, wielding a +4 dagger of distortion and wearing a +0 robe (fast, 53% to hit)
Okay, then.
Aiming: Iceblast
Press: ? - help, Q - select action, (/) - cycle Shift-Dir - straight line The mass of ice explodes!
The iceblast engulfs Dowan!
Dowan is heavily wounded.
Dowan hits you with a +4 dagger of distortion.
* * * LOW HITPOINT WARNING * * *
Space warps horribly around you!!
You die...

#.......# #### #....)..###
##..####### ##.........#
#....#..#.## #.....#....#
#..###.....## ###.....#..##
#...#.......# ###.#.....#...#
...........#######....##..###..#.
...........##...)#.#......######.
##..............@).......).#.....
...........#.#..e.~~~...##.......
...#............≈~≈≈~~~..#.#.....
...#...........≈~≈≈≈≈≈≈~..##.....
..##..........≈~≈~≈~~~≈≈~.##.##..
......#...#...~≈≈~.<.~≈~~....###.
.....##..#...~~≈~....P~≈≈≈.######
##...##..##..~~≈~.♣_..~≈≈~.###...
###..#...#..~~≈≈.♣...~≈~~..##...


You could see Dowan (fast).

Vanquished Creatures
  Sigmund (D:2)
  Duvessa (D:4)
  A howler monkey (D:4)
  An orc priest (D:4)
  2 hounds (D:4)
  Jessica (D:2)
  Natasha (thrice) (D:3)
  Ijyb (D:3)
  Robin (D:3)
  6 adders
  A white imp (D:4)
  3 worms (D:2)
  A dart slug (D:4)
  3 orcs (D:4)
  8 ball pythons
  7 bats
  9 endoplasms
  3 giant cockroaches
  11 goblins
  17 hobgoblins
  4 quokkas
  4 frilled lizards
  8 kobolds
  5 rats
102 creatures vanquished.

Notes
Turn   | Place    | Note
-------+----------+-------------------------------------------
     0 | D:1      | themarg the Gnoll Wanderer began the quest for the Orb.
     0 | D:1      | themarg set off with the following items: a +1 mace, a
                  | scroll of summoning, a scroll of blinking, a potion of
                  | lignification, a +0 leather armour.
     0 | D:1      | Reached XP level 1. HP: 23/23 MP: 1/1
   300 | D:1      | Reached XP level 2. HP: 27/29 MP: 2/2
   683 | D:1      | Reached XP level 3. HP: 30/35 MP: 3/3
   988 | D:1      | Found a faded altar of an unknown god.
   996 | D:1      | Reached skill level 1 in Invocations
  1196 | D:2      | Noticed Sigmund
  1223 | D:2      | Reached skill level 1 in Short Blades
  1223 | D:2      | Reached skill level 1 in Long Blades
  1223 | D:2      | Reached skill level 1 in Axes
  1223 | D:2      | Reached skill level 1 in Polearms
  1223 | D:2      | Reached skill level 1 in Staves
  1223 | D:2      | Reached skill level 1 in Ranged Weapons
  1223 | D:2      | Reached skill level 1 in Throwing
  1223 | D:2      | Reached skill level 1 in Armour
  1223 | D:2      | Reached skill level 1 in Stealth
  1223 | D:2      | Reached skill level 1 in Shields
  1223 | D:2      | Reached skill level 1 in Spellcasting
  1637 | D:2      | Found a hide-covered altar of Uskayaw.
  1645 | D:2      | Reached XP level 4. HP: 6/41 MP: 5/5
  1949 | D:2      | Became a worshipper of Uskayaw the Reveller
  2025 | D:2      | Reached * piety under Uskayaw
  2099 | D:2      | Reached skill level 1 in Conjurations
  2099 | D:2      | Reached skill level 1 in Hexes
  2099 | D:2      | Reached skill level 1 in Summonings
  2099 | D:2      | Reached skill level 1 in Necromancy
  2099 | D:2      | Reached skill level 1 in Translocations
  2099 | D:2      | Reached skill level 1 in Transmutations
  2099 | D:2      | Reached skill level 1 in Fire Magic
  2099 | D:2      | Reached skill level 1 in Ice Magic
  2099 | D:2      | Reached skill level 1 in Air Magic
  2099 | D:2      | Reached skill level 1 in Earth Magic
  2099 | D:2      | Reached skill level 1 in Poison Magic
  2539 | D:2      | Reached ** piety under Uskayaw
  2548 | D:2      | Killed Sigmund
  2548 | D:2      | Reached *** piety under Uskayaw
  2549 | D:2      | Reached XP level 5. HP: 9/47 MP: 5/7
  2549 | D:2      | Reached XP level 6. HP: 11/53 MP: 5/8
  2999 | D:2      | Noticed Jessica
  3005 | D:2      | Killed Jessica
  3232 | D:3      | Identified the +9 dagger of Poeblom {holy, Will+ Dex+2}
  3294 | D:3      | Noticed Robin
  3303 | D:3      | Killed Robin
  3402 | D:3      | Noticed Ijyb
  3409 | D:3      | Killed Ijyb
  3541 | D:3      | Noticed Natasha
  3546 | D:3      | Killed Natasha
  3631 | D:3      | Noticed Natasha
  3637 | D:3      | Killed Natasha
  3689 | D:3      | Noticed Natasha
  3699 | D:3      | Killed Natasha
  3885 | D:4      | Reached XP level 7. HP: 51/60 MP: 10/10
  3943 | D:4      | Found a blossoming altar of Fedhas.
  3985 | D:4      | Found Pemnuazoewk's Armour Emporium.
  4133 | D:4      | Found an ornate altar of the Wu Jian Council.
  4258 | D:4      | Found a broken altar of Ashenzari.
  4380 | D:4      | Noticed Dowan
  4874 | D:4      | Noticed Duvessa
  4890 | D:4      | Killed Duvessa
  4891 | D:4      | Reached skill level 9 in Unarmed Combat
  4891 | D:4      | Demolished by Dowan

Illustrated notes

Levels and vault maps discovered:
D:1:      minmay_arrival_radiant_lines, layout_rooms,
          hellmonk_ecumenical_altar_leap_of_faith
D:2:      layout_loops_ring, basic_altar, kennysheep_generic_room_12,
          uniq_jessica, uniq_sigmund
D:3:      layout_rooms, uniq_robin, uniq_natasha, uniq_ijyb
D:4:      minmay_diamond_boxcup, layout_cave_pools,
          mainiacjoe_overflow_surrounded_room, fedhas_ov_isle_minmay,
          kennysheep_little_box, serial_shops, shop, uniq_duvessa

Skill      XL: |  1  2  3  4  5  6  7 |
---------------+----------------------+-----
Invocations    | 1 2 3 |  3.0
Short Blades   | 1 2 |  2.7
Long Blades    | 1 2 |  2.7
Axes           | 1 2 |  2.7
Polearms       | 1 2 |  2.7
Staves         | 1 2 |  2.7
Ranged Weapons | 1 2 |  2.7
Throwing       | 1 2 |  2.7
Armour         | 1 2 |  2.7
Stealth        | 1 2 |  2.7
Shields        | 1 2 |  2.7
Spellcasting   | 1 2 |  2.7
Conjurations   | 1 2 |  2.2
Hexes          | 1 2 |  2.2
Summonings     | 1 2 |  2.2
Necromancy     | 1 2 |  2.2
Translocations | 1 2 |  2.2
Transmutations | 1 2 |  2.2
Fire Magic     | 1 2 |  2.2
Ice Magic      | 1 2 |  2.2
Air Magic      | 1 2 |  2.2
Earth Magic    | 1 2 |  2.2
Poison Magic   | 1 2 |  2.2
Maces & Flails | 3 |  3.8
Dodging        | 3 |  3.8
Evocations     | 3 |  3.8
Fighting       | 7 |  7.1
Unarmed Combat | 9 |  9.0

Action                   |  1- 3 |  4- 6 |  7- 9 || total
-------------------------+-------+-------+-------++-------
Melee: Mace              |   127 |    63 |       ||   190
       Bite              |     9 |    12 |     4 ||    25
       Punch             |     5 |     6 |     2 ||    13
       Dagger            |       |    48 |    55 ||   103
Throw: Boomerang         |       |       |     3 ||     3
Evoke: Wand              |       |       |     1 ||     1
  Use: Potion            |     1 |     1 |     1 ||     3
 Stab: Sleeping          |       |     2 |     4 ||     6
Armor: Leather armour    |    30 |    24 |     7 ||    61
       Skin              |     5 |     1 |       ||     6
Dodge: Dodged            |    82 |    54 |    28 ||   164
